 Dungeon Crawl Stone Soup version 0.23.2-33-g5129a83184 (webtiles) character file.

Game seed: 14080722508190310431

9261 Matador8 the Basher (level 11, -3/80 HPs)
             Began as a Demonspawn Abyssal Knight on June 27, 2019.
             Was an Elder of Lugonu.
             Slain by a komodo dragon (5 damage)
             ... on level 1 of the Lair of Beasts on June 28, 2019.
             The game lasted 01:00:14 (13239 turns).

Matador8 the Basher (Demonspawn Abyssal Knight)    Turns: 13239, Time: 01:00:15

Health: -3/80      AC: 17    Str: 15    XL:     11   Next: 20%
Magic:  0/17       EV:  8    Int: 14    God:    Lugonu [****..]
Gold:   421        SH:  0    Dex: 13    Spells: 8/10 levels left

rFire    + . .     SeeInvis .   E - +2 whip (flame)
rCold    + . .     Gourm    .   (no shield)
rNeg     . . .     Faith    .   z - +0 chain mail
rPois    .         Spirit   +   (helmet restricted)
rElec    .         Reflect  .   F - +0 cloak
rCorr    .         Harm     .   b - +2 pair of gloves {archery}
MR       +....                  (no boots)
Stlth    ..........             (no amulet)
HPRegen  0.23/turn              y - ring of protection from magic
MPRegen  0.30/turn              B - ring of protection from fire

@: no status effects
A: antennae 2, slimy green scales 2, cold resistance 1, magic shield, magic
regeneration, magic link
a: Depart the Abyss, Bend Space, Banish, Corrupt, Renounce Religion


You were on level 1 of the Lair of Beasts.
You worshipped Lugonu.
Lugonu was greatly pleased with you.
You were not hungry.

You visited 2 branches of the dungeon, and saw 12 of its levels.
You visited the Abyss 1 time.
You also visited: Gauntlet.

You collected 650 gold pieces.
You spent 229 gold pieces at shops.

Inventory:

Hand Weapons
 a - a +1 mace
 d - a +0 dagger of draining
 C - a +0 flail
 E - a +2 whip of flaming (weapon)
Missiles
 M - 70 arrows
Armour
 b - a +2 pair of gloves of archery (worn)
 h - a +0 ring mail
 z - a +0 chain mail (worn)
 F - a +0 cloak (worn)
 I - the +1 robe "Pavi" {Regen+ MP+9 Str+2}
   (You found it on level 8 of the Dungeon)

   It affects your strength (+2).
   It affects your magic capacity (+9).
   It increases your rate of regeneration.
Magical Staves
 J - an uncursed staff of death {unknown}
Jewellery
 y - a ring of protection from magic (left hand)
 B - a ring of protection from fire (right hand)
 O - a +4 ring of protection {unknown}
Wands
 f - a wand of iceblast (4)
 w - a wand of random effects (26)
 L - a wand of acid (2)
Scrolls
 e - 4 scrolls of fear
 i - 3 scrolls of amnesia
 j - 9 scrolls of identify
 k - 2 scrolls of teleportation
 l - 6 scrolls of remove curse
 m - a scroll of immolation {unknown}
 p - 2 scrolls of random uselessness {unknown}
 u - a scroll of blinking {unknown}
 x - 4 scrolls of enchant weapon {unknown}
 A - a scroll of noise {unknown}
Potions
 n - a potion of resistance {unknown}
 o - 3 potions of ambrosia {unknown}
 q - 3 potions of curing
 r - a potion of magic {unknown}
 s - a potion of degeneration {unknown}
 t - a potion of lignification
 v - 3 potions of heal wounds
 D - a potion of brilliance {unknown}
 G - 3 potions of flight
 H - a potion of haste
 K - a potion of agility {unknown}
 N - a potion of invisibility
Miscellaneous
 P - a lightning rod (2/4)
Comestibles
 c - 16 rations


   Skills:
 - Level 5.4 Fighting
 * Level 11.7 Maces & Flails
 - Level 5.5 Armour
 - Level 3.5 Dodging
 - Level 5.0 Translocations
 - Level 9.1 Invocations


You had 8 spell levels left.
You knew the following spells:

 Your Spells              Type           Power        Failure   Level  Hunger
a - Blink                 Tloc           N/A          67%         2    ###....

Your spell library contained the following spells:

 Spells                   Type           Power        Failure   Level  Hunger
 Apportation              Tloc           ##....       54%         1    ##.....
 Gell's Gravitas          Tloc           ##........   88%         3    ####...
 Lesser Beckoning         Tloc           ##........   88%         3    ####...
 Teleport Other           Tloc           ##......     88%         3    ####...
 Shroud of Golubria       Chrm/Tloc      #.........   95%         2    ###....
 Animate Skeleton         Necr           N/A          99%         1    ##.....
 Confusing Touch          Hex            #.....       99%         1    ##.....
 Summon Small Mammal      Summ           #...         99%         1    ##.....
 Passage of Golubria      Tloc           N/A          99%         4    #####..


Dungeon Overview and Level Annotations

Branches:
Dungeon (11/15)            Temple (0/1) D:7            Lair (1/6) D:11
    Orc (0/2) D:10

Altars:
Ashenzari
Cheibriados
Dithmenos
Gozag
Hepliaklqana
Qazlal

Shops:
D:6 [[*   D:11 *

Annotations:
Lair:1 Gastronok, Joseph
Abyss:1 Harold, Maurice


Innate Abilities, Weirdness & Mutations

You have a pair of antennae on your head.
You are mostly covered in slimy green scales. (AC +3)
Your flesh is cold resistant. (rC+)
When hurt, damage is shared between your health and your magic reserves.
You regenerate magic rapidly.
When low on magic, you restore magic in place of health.


Message History

The komodo dragon is splashed with acid!
The acid corrodes the komodo dragon!
The komodo dragon is heavily wounded.
The komodo dragon bites you!!
* * * LOW HITPOINT WARNING * * *
You closely miss the komodo dragon.
The komodo dragon is heavily wounded.
The komodo dragon bites you!!
* * * LOW HITPOINT WARNING * * *
You hit the komodo dragon. You burn the komodo dragon.
The komodo dragon is heavily wounded.
Your chain mail prevents you from hitting the komodo dragon.
The komodo dragon is heavily wounded.
The komodo dragon barely misses you.
You hit the komodo dragon. You burn the komodo dragon.
The komodo dragon is severely wounded.
You closely miss the komodo dragon.
The komodo dragon is severely wounded.
The komodo dragon bites you.
You die...

,*******,.......####..#*####..#
,*******,.......#* #..######..#
,,,,,,,,,........###..........#
,,,,,,,,,.........†...........###
*,**,***,....###P..........###...
****** *,....,*##..###P#...# #..#
* *** *,....P###..# ###..## #..#
***,****,PP..P..#..# **#..#**#..#
,,,,,,,≈≈P≈≈≈≈.l@..#**,#...,,....
,,,,,,,≈*≈≈≈♣♣..................#
,,,,,,,**≈≈≈*#...................
*,**,****≈≈≈*##P###..#.#*,#.##.#.
****** ***** ##* *###*#*****#***


You could see a komodo dragon.

Vanquished Creatures
  A two-headed ogre (D:9)
  2 spiny frogs (Lair:1)
  Prince Ribbit (D:8)
  A hungry ghost (D:11)
  A steam dragon (D:10)
  A water moccasin (Lair:1)
  4 sky beasts
  5 porcupines
  A black bear (D:9)
  An orc warrior (D:8)
  A hornet zombie (D:11)
  5 ice beasts
  2 phantoms
  5 ogres
  A necrophage (D:6)
  3 centaurs
  2 big kobolds
  4 crocodiles
  9 bullfrogs
  7 killer bees
  3 wights (D:8)
  3 howler monkeys
  6 crimson imps
  3 bullfrog zombies
  A centaur zombie (D:9)
  4 hounds
  A centaur skeleton (D:9)
  3 jellies
  A bullfrog skeleton (D:11)
  An orc priest (D:10)
  5 orc wizards
  3 iguanas
  10 worker ants
  2 hound skeletons
  A howler monkey zombie (D:5)
  Robin (D:2)
  10 adders
  4 shadow imps
  An ooze (D:1)
  2 worms
  2 dart slugs
  8 leopard geckos
  21 orcs
  6 giant cockroaches
  12 hobgoblins
  12 jackals
  4 quokkas
  2 ball pythons
  9 bats
  6 frilled lizards
  17 goblins
  A jackal zombie (D:6)
  18 kobolds
  A leopard gecko zombie (D:8)
  8 rats
249 creatures vanquished.

Vanquished Creatures (others)
  A hydra (Lair:1)
  A death knight (D:11)
  An ugly thing (D:8)
  A spiny frog (Lair:1)
  An ice beast (D:5)
  An ogre (D:3)
  2 wights (D:8)
  An orc priest (D:3)
  An orc (D:6)
  A bush (D:11)
  4 fungi
  9 plants (D:11)
24 creatures vanquished.

Grand Total: 273 creatures vanquished

Notes
Turn   | Place    | Note
-------+----------+-------------------------------------------
     0 | Abyss:1  | Matador8 the Demonspawn Abyssal Knight began the quest for
                  | the Orb.
     0 | Abyss:1  | Reached XP level 1. HP: 18/18 MP: 2/2
    25 | D:1      | Escaped the Abyss
    28 | D:1      | Reached skill level 1 in Dodging
    93 | D:1      | Reached skill level 2 in Maces & Flails
   134 | D:1      | Gained mutation: You are partially covered in slimy green
                  | scales. (AC +2) [demonic ancestry]
   134 | D:1      | Reached XP level 2. HP: 14/24 MP: 4/4
   163 | D:1      | Reached ** piety under Lugonu
   477 | D:1      | Gained mutation: When hurt, damage is shared between your
                  | health and your magic reserves. [demonic ancestry]
   477 | D:1      | Reached XP level 3. HP: 22/29 MP: 5/5
   676 | D:1      | Reached skill level 3 in Maces & Flails
  1269 | D:2      | Gained mutation: You have a pair of small antennae on your
                  | head. [demonic ancestry]
  1269 | D:2      | Reached XP level 4. HP: 35/35 MP: 6/6
  1284 | D:2      | Noticed Robin
  1296 | D:2      | Killed Robin
  1296 | D:2      | Reached *** piety under Lugonu
  2183 | D:3      | Found a shadowy altar of Dithmenos.
  2189 | D:3      | Reached skill level 4 in Maces & Flails
  2282 | D:3      | Gained mutation: You regenerate magic rapidly. [demonic
                  | ancestry]
  2282 | D:3      | Reached XP level 5. HP: 41/41 MP: 8/8
  2829 | D:3      | Noticed an ogre
  2832 | D:3      | Banished an ogre
  2858 | D:3      | Found a hazy altar of Hepliaklqana.
  2860 | D:3      | Found a stormy altar of Qazlal.
  3253 | D:4      | Reached skill level 5 in Invocations
  3412 | D:4      | Reached XP level 6. HP: 47/47 MP: 9/9
  3459 | D:4      | Reached skill level 5 in Maces & Flails
  4149 | D:4      | Found a snail-covered altar of Cheibriados.
  4176 | D:5      | Entered Level 5 of the Dungeon
  4226 | D:5      | Found a shattered altar of Ashenzari.
  4468 | D:4      | Gained mutation: You are mostly covered in slimy green
                  | scales. (AC +3) [demonic ancestry]
  4468 | D:4      | Reached XP level 7. HP: 14/52 MP: 6/11
  4935 | D:5      | Reached skill level 6 in Maces & Flails
  5859 | D:6      | Found Titem's Armour Shoppe.
  5865 | D:6      | Bought a +0 pair of gloves for 45 gold pieces
  5917 | D:6      | Reached skill level 7 in Maces & Flails
  5917 | D:6      | Gained mutation: When low on magic, you restore magic in
                  | place of health. [demonic ancestry]
  5917 | D:6      | Reached XP level 8. HP: 46/58 MP: 13/13
  5924 | D:6      | Found Oxuxij's Antique Armour Shoppe.
  5936 | D:6      | Bought a cloak for 148 gold pieces
  6298 | D:6      | Found Lintestri's General Store.
  6301 | D:6      | Bought a potion of curing for 36 gold pieces
  6443 | D:7      | Reached **** piety under Lugonu
  6658 | D:7      | Reached skill level 8 in Maces & Flails
  7100 | D:7      | Found a staircase to the Ecumenical Temple.
  7456 | D:8      | Noticed Harold
  7460 | D:8      | Banished Harold
  7460 | D:8      | Reached skill level 9 in Maces & Flails
  7470 | D:8      | Learned a level 2 spell: Blink
  7504 | D:8      | Gained mutation: Your flesh is cold resistant. (rC+)
                  | [demonic ancestry]
  7504 | D:8      | Reached XP level 9. HP: 61/63 MP: 13/15
  7525 | D:8      | Noticed a white ugly thing
  7534 | D:8      | Banished a white ugly thing
  7534 | D:8      | Reached skill level 1 in Translocations
  7734 | D:8      | Noticed Maurice
  7735 | D:8      | Banished Maurice
  7899 | D:8      | Got a twisted robe
  8220 | D:8      | Reached skill level 5 in Armour
  8296 | D:8      | Noticed Prince Ribbit
  8308 | D:8      | Killed Prince Ribbit
  8308 | D:8      | Reached skill level 5 in Translocations
  8633 | D:8      | Identified the cursed +1 robe "Pavi" {Regen+ MP+9 Str+2}
                  | (You found it on level 8 of the Dungeon)
  8690 | D:9      | Gained mutation: You have a pair of antennae on your head.
                  | [demonic ancestry]
  8690 | D:9      | Reached XP level 10. HP: 57/70 MP: 16/16
  9029 | D:9      | Noticed a two-headed ogre
  9038 | D:9      | Killed a two-headed ogre
  9970 | D:10     | Entered Level 10 of the Dungeon
  9991 | D:10     | Reached skill level 5 in Fighting
 10431 | D:10     | Found a staircase to the Orcish Mines.
 10904 | D:11     | Found a gate leading to a gauntlet.
 10910 | Gauntlet | Entered a Gauntlet
 10910 | Gauntlet | Found a transporter.
 10910 | Gauntlet | Found a transporter.
 10910 | Gauntlet | Noticed a queen ant
 10969 | D:11     | Noticed a white ugly thing
 10991 | D:11     | Banished a white ugly thing
 11010 | D:11     | Noticed a death knight
 11011 | D:11     | Banished a death knight
 11011 | D:11     | Reached skill level 10 in Maces & Flails
 11033 | D:11     | Noticed a phantasmal warrior
 11687 | D:11     | Found a staircase to the Lair.
 11714 | D:11     | Found an opulent altar of Gozag.
 11717 | D:11     | Found Gozag's Platinum Reserve.
 12002 | Lair:1   | Entered Level 1 of the Lair of Beasts
 12028 | Lair:1   | Noticed Gastronok
 12089 | Lair:1   | Reached skill level 11 in Maces & Flails
 12095 | Lair:1   | Noticed Joseph
 12100 | Lair:1   | Noticed a spiny frog
 12106 | Lair:1   | Banished a spiny frog
 12106 | Lair:1   | Reached XP level 11. HP: 40/80 MP: 13/17
 12422 | Lair:1   | Noticed a six-headed hydra
 12437 | Lair:1   | Banished a six-headed hydra
 13235 | Lair:1   | HP: 2/80 [komodo dragon (16)]
 13239 | Lair:1   | Slain by a komodo dragon

Skill      XL: |  1  2  3  4  5  6  7  8  9 10 |
---------------+-------------------------------+-----
Dodging        | 1 3 |  3.5
Maces & Flails | 2 3 4 5 7 9 11 | 11.7
Invocations    | 3 4 5 7 9 |  9.1
Armour         | 5 |  5.5
Translocations | 5 |  5.0
Fighting       | 5 |  5.4

Action                   |  1- 3 |  4- 6 |  7- 9 | 10-12 || total
-------------------------+-------+-------+-------+-------++-------
Melee: Mace              |   135 |   277 |     6 |       ||   418
       Flail             |       |       |   499 |   112 ||   611
       Whip              |       |       |       |   465 ||   465
Invok: Banish            |       |     2 |    10 |     8 ||    20
       Bend Space        |       |     3 |       |       ||     3
Evoke: Wand              |       |     4 |    18 |    15 ||    37
       Lightning rod     |       |       |       |     2 ||     2
  Use: Potion            |       |     7 |       |     1 ||     8
       Scroll            |       |     2 |     1 |     9 ||    12
  Eat: Chunk             |     1 |    11 |    14 |     9 ||    35
       Ration            |       |       |     1 |     4 ||     5
Armor: Leather armour    |    48 |    19 |       |       ||    67
       Ring mail         |       |    83 |   119 |       ||   202
       Skin              |       |     3 |       |       ||     3
       Chain mail        |       |       |   168 |   240 ||   408
Dodge: Dodged            |   100 |   150 |   166 |   172 ||   588
